 Dungeon Crawl Stone Soup version 0.21-a0-94-gdd6ab6a (webtiles) character file.

21 4thArraOfDagon the Sneak (level 2, -9/13 HPs)
             Began as a Vine Stalker Enchanter on July 3, 2017.
             Mangled by an ogre
             ... wielding a +0 giant club
              (14 damage)
             ... on level 5 of the Dungeon.
             The game lasted 00:01:32 (225 turns).

4thArraOfDagon the Sneak (Vine Stalker Enchanter)    Turns: 225, Time: 00:01:33

Health: -9/13      AC:  5    Str: 10    XL:     2   Next: 87%
Magic:  0/6        EV: 10    Int: 15    God:
Gold:   31         SH:  0    Dex: 14    Spells: 4/5 levels left

rFire    . . .     SeeInvis .   a - +1 dagger
rCold    . . .     Gourm    .   (no shield)
rNeg     . . .     Faith    .   f - +0 ring mail
rPois    .         Spirit   +   (no helmet)
rElec    .         Reflect  .   (no cloak)
rCorr    .         Harm     .   (no gloves)
MR       .....                  (no boots)
Stlth    ++........             (no amulet)
HPRegen  0.04/turn              (no ring)
MPRegen  0.10/turn              (no ring)

@: no status effects
A: fangs 2, magic shield, antimagic bite, no potion heal 3, rot immunity
a: no special abilities


You were on level 5 of the Dungeon.
You were not hungry.

You visited 1 branch of the dungeon, and saw 5 of its levels.

You collected 31 gold pieces.

Inventory:

Hand Weapons
 a - a +1 dagger (weapon)
Armour
 b - a +0 robe
 f - a +0 ring mail (worn)
Potions
 h - a potion of might {unknown}
 i - a potion of ambrosia
Books
 c - a book of Maledictions

   Spells                             Type                      Level
   a - Corona                         Hexes                        1
   b - Ensorcelled Hibernation        Hexes/Ice                    2
   c - Confuse                        Hexes                        3
   d - Tukima's Dance                 Hexes                        3
   e - Dazzling Spray                 Conjuration/Hexes            3
Comestibles
 d - a bread ration
 g - a royal jelly


   Skills:
 - Level 0.8 Short Blades
 + Level 1.7 Dodging
 - Level 3.6 Stealth
 * Level 2.2 Unarmed Combat
 - Level 2.1 Spellcasting
 - Level 3.0 Hexes


You had 4 spell levels left.
You knew the following spells:

 Your Spells              Type           Power        Failure   Level  Hunger
a - Corona                Hex            ##.....      17%         1    #......


Dungeon Overview and Level Annotations

Branches:
Dungeon (5/15)
 Temple: D:4-7

Altars:

Annotations:
D:4 Natasha
D:5 Eustachio


Innate Abilities, Weirdness & Mutations

You have extremely sharp teeth.
When hurt, damage is shared between your health and your magic reserves.
Your bite disrupts and absorbs the magic of your enemies.
Potions cannot restore your health.
You are immune to rotting.


Message History

Unknown command.
The ogre shouts!
The ufetubus closely misses you.
The ufetubus hits you but does no damage.
Unknown command.
The ufetubus hits you.
The ufetubus hits you but does no damage.
Unknown command.
The iron imp disappears in a puff of smoke!
Unknown command.
You open the door.
The ufetubus hits you but does no damage.
The ufetubus barely misses you. The ogre hits you with a giant club.
The ufetubus hits you but does no damage.
The ufetubus hits you. The orc hits you with a whip.
Unknown command.
Unknown command.
The ogre hits you with a giant club!
Ouch! That really hurt!
You die...

########################
......#......@.5@.......
......'.......oO#.......
.....##..##.....##......
.##..##..##.....# ....##
.##..##@..#.....# ####
..........+.......
.........##.....##.
###..##..##.....#
#..##....5.....


You could see Eustachio, an ogre, an orc and an ufetubus.

Vanquished Creatures
  An adder (D:4)
  A dart slug (D:2)
  2 giant cockroaches (D:2)
  2 goblins (D:2)
  2 hobgoblins (D:2)
  A rat (D:3)
9 creatures vanquished.

Notes
Turn   | Place    | Note
-------+----------+-------------------------------------------
     0 | D:1      | 4thArraOfDagon the Vine Stalker Enchanter began the quest for the Orb.
     0 | D:1      | Reached XP level 1. HP: 9/9 MP: 4/4
    93 | D:2      | Reached skill level 1 in Unarmed Combat
    98 | D:2      | Reached XP level 2. HP: 9/13 MP: 4/6
   200 | D:4      | Noticed Natasha
   200 | D:4      | Noticed a phantom
   203 | D:5      | Entered Level 5 of the Dungeon
   209 | D:5      | Noticed Eustachio
   218 | D:5      | Noticed an ogre
   219 | D:5      | Noticed a crimson imp
   225 | D:5      | Mangled by an ogre

Vault maps used:
D:1:      dpeg_arrival_line_fractal, hangedman_glass_garden
D:2:      cheibrodos_old_hovel, minmay_misc_feat_square
D:4:      uniq_robin, uniq_natasha
D:5:      minmay_temple_entry_from_below_b, gup_sewer_entry_glass, first_bread,
          nemelex_diamond_rough_becter, uniq_grinder, uniq_eustachio

Skill      XL: |  1  2 |
---------------+-------+-----
Unarmed Combat | 1 2 |  2.2
Short Blades   | |  0.8
Dodging        | |  1.7
Stealth        | |  3.6
Spellcasting   | |  2.1
Hexes          | |  3.0

Action                   || total
-------------------------++-------
Melee: Dagger            ||    25
       Bite              ||     4
  Use: Scroll            ||     1
 Stab: Sleeping          ||     2
Armor: Ring mail         ||     9
Dodge: Dodged            ||    12
